 Dungeon Crawl Stone Soup version 0.27.0-66-gdc8fb28755 (webtiles) character file.

Game seed: 17976900429608018251

1425 Spectrina the Covert (level 8, -2/45 HPs)
             Began as a Vampire Delver on Aug 20, 2021.
             Was an Initiate of Qazlal.
             Shot with an arrow by a centaur (6 damage)
             ... on level 6 of the Dungeon.
             The game lasted 00:22:20 (1958 turns).

Spectrina the Covert (Vampire Delver)               Turns: 1958, Time: 00:22:21

Health: -2/45      AC: 10    Str: 13 (15) XL:     8   Next: 44%
Magic:  20/20      EV: 10    Int: 11 (14) God:    Qazlal [......]
Gold:   315        SH:  3    Dex: 13 (17) Spells: 7/11 levels left

rFire    . . .     SeeInvis +   m - +0 dagger
rCold    + + .     Faith    .   r - +0 buckler
rNeg     + + +     Spirit   .   h - +4 ring mail of the Hanged Man {Rampage rCorr Int-2}
rPois    ∞         Reflect  .   (no helmet)
rElec    .         Harm     .   (no cloak)
rCorr    +         Rampage  +   A - +0 pair of gloves
Will     .....                  (no boots)
Stlth    ++++++....             (no amulet)
HPRegen  0.00/turn              i - ring "Huentauss" {MP+9 Str+4 Int+3 Slay+5}
MPRegen  0.17/turn              j - ring of wizardry

@: mighty, bloodless, inhibited regen
A: bloodless, fangs 3, see invisible, vampiric 2
a: Bat Form, Revivify, Renounce Religion


You were on level 6 of the Dungeon.
You worshipped Qazlal.
Qazlal was noncommittal.
You visited 1 branch of the dungeon, and saw 8 of its levels.

You collected 315 gold pieces.

Inventory:

Hand Weapons
 a - a +0 short sword
 e - a +0 shortbow
 m - a +0 dagger (weapon)
 s - a +0 hunting sling
Missiles
 k - 68 arrows
 p - 19 sling bullets
 t - 107 stones (quivered)
 u - a throwing net
 v - 7 boomerangs
Armour
 b - a +0 leather armour
 h - the +4 ring mail of the Hanged Man (worn) {Rampage rCorr Int-2}
   (You found it on level 6 of the Dungeon)

   Int:       It affects your intelligence (-2).
   rCorr:     It protects you from acid and corrosion.
   Rampage:   It bestows one free step when moving towards enemies.
 r - a +0 buckler (worn)
 A - a +0 pair of gloves (worn)
Jewellery
 i - the ring "Huentauss" (left hand) {MP+9 Str+4 Int+3 Slay+5}
   (You found it on level 5 of the Dungeon)

   [ring of magical power]

   Str:       It affects your strength (+4).
   Int:       It affects your intelligence (+3).
   Slay:      It affects your accuracy & damage with ranged weapons and melee
   (+5).
   MP:        It affects your magic capacity (+9).
 j - a ring of wizardry (right hand)
Wands
 g - a wand of digging (3)
 w - a wand of iceblast (8)
 B - a wand of flame (18)
Scrolls
 c - a scroll of fog
 d - 3 scrolls of magic mapping
 l - 2 scrolls of teleportation
 o - a scroll of immolation
 q - a scroll of blinking
 x - a scroll of holy word {unknown}
 y - a scroll of fear
Potions
 f - 2 potions of haste
 n - 2 potions of resistance
 z - a potion of flight
 C - 2 potions of curing


   Skills:
 - Level 2.6 Fighting
 + Level 4.8 Short Blades
 - Level 2.1 Dodging
 + Level 12.3 Stealth
 + Level 2.0 Spellcasting
 * Level 6.3 Hexes
 + Level 3.4 Ice Magic
 + Level 1.9 Invocations


You had 7 spell levels left.
You knew the following spells:

 Your Spells              Type           Power      Damage    Failure   Level
a - Ensorcelled Hibernat  Hex/Ice        22%        N/A       9%          2
b - Passwall              Tmut/Erth      0%         N/A       52%         2

Your spell library contained the following spells:

 Spells                   Type           Power      Damage    Failure   Level
 Leda's Liquefaction      Hex/Erth       4%         N/A       71%         4
 Spider Form              Tmut/Pois      0%         N/A       75%         3
 Swiftness                Air            1%         N/A       75%         3
 Invisibility             Hex            7%         N/A       99%         6
 Bolt of Magma            Conj/Fire/Erth 0%         4d4       100%        5
 Shadow Creatures         Summ           N/A        N/A       100%        6
 Statue Form              Tmut/Erth      0%         N/A       100%        6


Dungeon Overview and Level Annotations

Branches:
Dungeon (8/15)             Temple (0/1) D:7
   Lair: D:8-11

Altars:
Hepliaklqana
Qazlal

Annotations:
D:3 Robin; Sigmund
D:4 1 transporter, wallyj24's ghost, amateur GnHu


Innate Abilities, Weirdness & Mutations

You do not regenerate when monsters are visible.
You are frail without blood (-20% HP).
You can heal yourself when you bite living creatures.
You are immune to poison.
You have razor-sharp teeth.
You have supernaturally acute eyesight. (SInv)
You are afflicted with vampirism and can become a bat while bloodless.


Message History

You barely miss the iguana.
The iguana is moderately wounded.
You feel better. The iguana barely misses you.
You hit the iguana. You bite the iguana.
You draw the iguana's blood!
You feel better.
The iguana is almost dead.
The iguana bites you but does no damage.
You hit the iguana.
You kill the iguana!
Qazlal accepts your kill.
A scorpion comes into view.
You puncture the scorpion!
The scorpion is moderately wounded.
The scorpion closely misses you.
You puncture the scorpion!
The scorpion is severely wounded.
The scorpion stings you but does no damage.
You closely miss the scorpion.
The scorpion is severely wounded.
The scorpion stings you but does no damage.
You hit the scorpion.
You kill the scorpion!
Qazlal accepts your kill.
You feel your dexterity returning.
Your Spellcasting skill increases to level 2!
An ice beast comes into view.
You see here a scorpion corpse.
You rampage towards the ice beast!
Unknown command.
You rampage towards the ice beast!
The centaur shoots an arrow.
The arrow completely misses you.
You puncture the ice beast! Your bite misses the ice beast.
The ice beast is moderately wounded.
The centaur shoots an arrow.
The arrow hits you! The ice beast hits you. The ice beast freezes you.
You resist.
* * * LOW HITPOINT WARNING * * *
The centaur shoots an arrow.
The arrow hits you.
* * * LOW HITPOINT WARNING * * *
The centaur shoots an arrow.
The arrow hits you.
You die...

### #.# ###
#†###.#
##....#
#...(########
##..........#
##...@..##
#.....##
####..Y.###.
#...........
#.≈≈≈≈≈.≈≈≈..
#.≈.c.....≈..
#.≈.###.#.≈..
#..≈.# .#.≈..
#..≈.# .# ≈..


You could see an ice beast and a centaur.

Vanquished Creatures
  A cyclops (D:7)
  2 black bears (D:4)
  A necrophage (D:4)
  A centaur (D:8)
  A scorpion (D:6)
  4 howler monkeys
  A centaur zombie (D:5)
  3 hounds
  2 orc priests
  3 iguanas
  2 orc wizards (D:6)
  Terence (D:2)
  A howler monkey zombie (D:6)
  3 gnolls (D:4)
  5 adders
  2 ufetubi (D:6)
  2 adder skeletons (D:4)
  2 worms
  A dart slug (D:2)
  11 orcs
  3 ball pythons
  2 endoplasms
  2 giant cockroaches (D:1)
  8 goblins
  4 hobgoblins
  4 jackals
  A kobold (D:3)
  2 quokkas
  3 frilled lizards
  A jackal skeleton (D:4)
79 creatures vanquished.

Vanquished Creatures (others)
  16 plants (D:3)
16 creatures vanquished.

Grand Total: 95 creatures vanquished

Notes
Turn   | Place    | Note
-------+----------+-------------------------------------------
     0 | D:5      | Spectrina the Vampire Delver began the quest for the Orb.
     0 | D:5      | Reached XP level 1. HP: 17/17 MP: 1/1
    13 | D:6      | Noticed a hound
    18 | D:6      | Killed a hound
    19 | D:6      | Reached skill level 8 in Stealth
    19 | D:6      | Reached XP level 2. HP: 18/18 MP: 2/2
    19 | D:6      | Gained mutation: You are afflicted with vampirism and can
                  | become a bat while bloodless. [Vampire growth]
    19 | D:6      | Reached XP level 3. HP: 22/22 MP: 3/3
    40 | D:6      | Identified the +4 ring mail of the Hanged Man {Rampage
                  | rCorr Int-2}
   106 | D:5      | Reached skill level 9 in Stealth
   106 | D:5      | Reached XP level 4. HP: 25/27 MP: 4/4
   107 | D:5      | Identified the ring "Huentauss" {MP+9 Str+4 Int+3 Slay+5}
   118 | D:4      | Noticed a necrophage
   121 | D:4      | Killed a necrophage
   122 | D:4      | Reached skill level 10 in Stealth
   122 | D:4      | Reached XP level 5. HP: 29/31 MP: 5/5
   230 | D:2      | Reached skill level 11 in Stealth
   251 | D:2      | Noticed Terence
   253 | D:2      | Killed Terence
   397 | D:1      | Learned a level 2 spell: Ensorcelled Hibernation
   656 | D:3      | Found a hazy altar of Hepliaklqana.
   664 | D:3      | Reached skill level 1 in Hexes
   669 | D:3      | Noticed Robin
   669 | D:3      | Noticed Sigmund
   679 | D:4      | Reached XP level 6. HP: 36/36 MP: 6/6
   714 | D:4      | Reached skill level 1 in Ice Magic
   878 | D:4      | Found a transporter.
   879 | D:4      | Noticed wallyj24's ghost (amateur GnHu)
   936 | D:4      | Reached XP level 7. HP: 19/35 MP: 6/7
  1463 | D:6      | Learned a level 2 spell: Passwall
  1522 | D:6      | Found a stormy altar of Qazlal.
  1591 | D:6      | Became a worshipper of Qazlal Stormbringer
  1690 | D:8      | Reached skill level 12 in Stealth
  1701 | D:8      | Reached skill level 1 in Spellcasting
  1729 | D:7      | Noticed a cyclops
  1730 | D:7      | Noticed a wraith
  1733 | D:7      | Killed a cyclops
  1734 | D:7      | Reached skill level 5 in Hexes
  1734 | D:7      | Reached skill level 1 in Invocations
  1734 | D:7      | Reached XP level 8. HP: 21/45 MP: 10/10
  1902 | D:7      | Found a staircase to the Ecumenical Temple.
  1958 | D:6      | Shot with an arrow by a centaur

Illustrated notes

Levels and vault maps discovered:
D:1:      minmay_arrival_shattered_statue, layout_rooms, minmay_statues_item
D:2:      layout_basic, uniq_terence
D:3:      layout_loops_cross, general_overflow_altar,
          nicolae_hepliaklqana_hazy_memory, shapermc_ecumenical_altar_gd,
          uniq_robin, uniq_sigmund
D:4:      layout_cave_pools, gammafunk_ghost_smash, wad_rectangle_vault
D:5:      layout_loops_ring, uniq_prince_ribbit1
D:6:      layout_layer_cave, mainiacjoe_overflow_brackets, amcnicky_altar_gilded
D:7:      minmay_the_grid_octo_tiled_squarecenter
          [minmay_the_grid_octo_checkered, minmay_the_grid_octo_pinwheel,
          minmay_the_grid_octo_empty, minmay_the_grid_octo_empty,
          minmay_the_grid_square_5x5_megaprize_open,
          minmay_the_grid_square_5x5_gyroscope,
          minmay_the_grid_square_5x5_trominoes,
          minmay_the_grid_square_5x5_minivault,
          minmay_the_grid_square_5x5_moneybag], layout_rooms,
          mainiacjoe_overflow_catwalk, temple_green, uniq_duvessa
D:8:      layout_loops_ring, minmay_lair_entry_grove

Skill      XL: |  1  2  3  4  5  6  7  8 |
---------------+-------------------------+-----
Stealth        | 8 9 10 11 12 | 12.3
Hexes          | 1 3 5 6 |  6.3
Short Blades   | 3 4 |  4.8
Ice Magic      | 2 3 |  3.4
Spellcasting   | 1 2 |  2.0
Invocations    | 1 |  1.9
Fighting       | |  2.6
Dodging        | |  2.1

Action                   |  1- 3 |  4- 6 |  7- 9 || total
-------------------------+-------+-------+-------++-------
Melee: Short sword       |     7 |    15 |       ||    22
       Bite              |     1 |     6 |    10 ||    17
       Dagger            |       |    79 |   117 ||   196
 Cast: Ensorcelled Hiber |       |     2 |       ||     2
 Abil: Exsanguinate      |     1 |     1 |       ||     2
       End Transformatio |       |     2 |     1 ||     3
       Bat Form          |       |     2 |     1 ||     3
       Revivify          |       |     1 |       ||     1
  Use: Scroll            |       |       |     5 ||     5
       Potion            |       |       |     5 ||     5
 Stab: Sleeping          |     3 |    30 |     9 ||    42
       Distracted        |       |     1 |       ||     1
Armor: Ring mail         |     6 |    45 |    58 ||   109
Dodge: Dodged            |     5 |    42 |    59 ||   106
Block: Buckler           |       |     2 |    15 ||    17
